 Dungeon Crawl Stone Soup version 0.21.0-24-g2553a33 (webtiles) character file.

99115 wazuzu the Severer (level 16, -9/127 HPs)
             Began as a Formicid Abyssal Knight on Jan 20, 2018.
             Was the Champion of Lugonu.
             Mangled by Donald
             ... wielding a +2 double sword of protection
              (20 damage)
             ... on level 4 of the Lair of Beasts.
             The game lasted 01:53:40 (27375 turns).

wazuzu the Severer (Formicid Abyssal Knight)       Turns: 27375, Time: 01:53:41

Health: -9/127     AC: 28    Str: 27    XL:     16   Next: 75%
Magic:  0/25       EV:  7    Int: 14    God:    Lugonu [******]
Gold:   2159       SH: 13    Dex: 12    Spells: 9/15 levels left

rFire    + + .     SeeInvis +   a - +2 battleaxe (chop)
rCold    + + .     Gourm    .   C - +1 shield {rC+}
rNeg     . . .     Faith    .   h - +9 scales of the Dragon King {rPois rF+ rC+ MR+}
rPois    +         Spirit   +   (helmet unavailable)
rElec    .         Reflect  .   V - scarf {Spirit}
rCorr    .         Harm     .   F - +2 pair of gloves
MR       +++..     Clarity  +   (no boots)
Stlth    ..........             g - amulet of regeneration
HPRegen  0.71/turn              i - ring of protection from magic
MPRegen  0.19/turn              I - ring of protection from fire

@: mighty, very slightly contaminated, invisible
A: permanent stasis, dig shafts and tunnels, four strong arms, antennae 3, agile
1, clarity
a: Dig, Shaft Self, Depart the Abyss, Bend Space, Banish, Corrupt, Enter the
Abyss, Brand Weapon With Distortion, Renounce Religion


You were on level 4 of the Lair of Beasts.
You worshipped Lugonu.
Lugonu was exalted by your worship.
You were hungry.

You visited 4 branches of the dungeon, and saw 24 of its levels.
You visited the Abyss 2 times.
You visited 1 bazaar.
You also visited: Volcano.

You collected 2738 gold pieces.
You spent 579 gold pieces at shops.

Inventory:

Hand Weapons
 a - a +2 battleaxe of chopping (weapon)
 b - a +1 fustibalus of flaming
 d - the +8 whip "Snakebite" {curare, rPois}
   (You found it on level 1 of the Lair of Beasts)

   It poisons the flesh of those it strikes.
   It protects you from poison.
Missiles
 L - 260 sling bullets
 T - 687 stones (quivered)
Armour
 h - the +9 scales of the Dragon King (worn) {rPois rF+ rC+ MR+}
   (You found it on level 14 of the Dungeon)

   It protects you from fire.
   It protects you from cold.
   It protects you from poison.
   It affects your resistance to hostile enchantments.
 C - a +1 shield of cold resistance (worn)
 F - a +2 pair of gloves (worn)
 G - the +9 chain mail of Terror {MR+ Int+6}
   (You found it on level 5 of the Dungeon)

   It affects your intelligence (+6).
   It affects your resistance to hostile enchantments.
 V - a scarf of spirit shield (worn)
Jewellery
 g - an amulet of regeneration (around neck)
 i - a ring of protection from magic (left hand)
 k - an uncursed ring of positive energy
 n - an uncursed ring of protection from cold
 I - a ring of protection from fire (right hand)
Wands
 e - a wand of iceblast (30)
 j - a wand of paralysis (27)
 o - a wand of flame (69)
 w - a wand of polymorph (20)
 y - a wand of random effects (36)
 J - a wand of acid (14)
 K - a wand of scattershot (5)
 U - a wand of disintegration (7)
Scrolls
 f - 15 scrolls of remove curse
 m - 6 scrolls of identify
 q - 2 scrolls of magic mapping
 r - a scroll of holy word
 u - 5 scrolls of fog
 D - 2 scrolls of enchant weapon
 O - 3 scrolls of amnesia
 P - a scroll of fear
Potions
 l - 3 potions of flight
 s - 3 potions of cancellation
 t - 2 potions of mutation
 z - 5 potions of curing
 A - a potion of might
 N - a potion of agility
 Q - 6 potions of brilliance
 R - 2 potions of magic
Comestibles
 c - 36 rations


   Skills:
 - Level 12.0 Fighting
 + Level 18.9 Axes
 - Level 9.0 Slings
 - Level 8.0 Armour
 - Level 6.0 Dodging
 - Level 9.0 Shields
 - Level 12.1 Invocations


You had 9 spell levels left.
You knew the following spells:

 Your Spells              Type           Power        Failure   Level  Hunger
a - Apportation           Tloc           #.....       100%        1    ##.....
b - Silence               Hex/Air        #.........   100%        5    ######.


Dungeon Overview and Level Annotations

Branches:
Dungeon (15/15)            Temple (0/1) D:7            Lair (6/6) D:9
 Shoals (0/4) Lair:3       Spider (1/4) Lair:4        Slime (0/5) Lair:5
    Orc (2/2) D:11            Elf (0/3) Orc:2        Vaults (0/5) D:13
 Depths (0/5) D:15

Altars:
Ashenzari
Qazlal
Trog
Uskayaw
Vehumet
The Shining One
Beogh

Shops:
D:12 [   D:14 *[   Orc:1 [   Orc:2 (?=

Annotations:
Lair:4 exclusion: 4 oklob plants, Donald


Innate Abilities, Weirdness & Mutations

You cannot be hasted, slowed, berserked, paralysed or teleported.
You can dig through walls and to a lower floor.
Your four strong arms can wield two-handed weapons with a shield.
You have a pair of large antennae on your head. (SInv)
You are agile. (Dex +2)
You possess an exceptional clarity of mind.


Message History

Here: Donald, wielding a double sword of protection, wearing a glowing plate armour and wearing a glowing shield (moderately wounded, fast, unusually strong)
A redback corpse.
The floor.
Donald hits you with a double sword of protection!
* * * LOW HITPOINT WARNING * * *
Press: ? - help, Shift-Dir - straight line, f - Donald
Aim: Donald, wielding a double sword of protection, wearing a glowing plate armour and wearing a glowing shield (moderately wounded, fast, unusually strong, chance to defeat MR: 26%) Donald easily resists.
You feel somewhat more hungry.
Donald hits you with a double sword of protection!
* * * LOW HITPOINT WARNING * * *
Okay, then.
Okay, then.
Unknown command.
Okay, then.
You don't have enough magic at the moment.
Donald hits you with a double sword of protection!!
* * * LOW HITPOINT WARNING * * *
You feel better.
Donald hits you with a double sword of protection!!
You die...

............## #....##......#..##
..........##.###...#..^.........#
.........####.###^^#..^#...[....#
........####.#.^#^.^.^.#.........
.......#.......#..^†#.###....#...
.......##.....^^###>†...#...###.#
.....####.....#.##.##..#^.P## ##.
....P###......^.#@#....##### #.
##.............#@.###.## #.
##..#...........#....# ###.
#..............##.### #.#.
##...............## ##..
#...............# ##.
#..............## #..
##.............# ##.
##....[.......# #. #...........##
######.


You could see Donald.

Vanquished Creatures
  Gastronok (Lair:1)
  Kirke (Lair:6)
  Nessos (D:14)
  Azrael (D:14)
  Josephine (D:10)
  An ettin (Orc:1)
  2 ogre magi
  2 vault guards
  3 hydras
  2 catoblepae
  A death yak (Lair:4)
  A tengu warrior (D:15)
  5 centaur warriors
  A hell hog (Volcano)
  16 two-headed ogres
  A fire crab (Volcano)
  3 unseen horrors
  3 wizards
  A necromancer (D:15)
  8 orc knights
  6 deep elf magi
  Pikel (D:6)
  4 wolf spiders
  A manticore (D:14)
  4 orc sorcerers
  5 cyclopes
  An ugly thing (D:13)
  5 elephants (Lair:6)
  A guardian serpent (Lair:6)
  Joseph (D:10)
  2 naga magi (D:15)
  A molten gargoyle (Volcano)
  3 centaur zombies
  15 spiny frogs
  7 black mambas
  Psyche (D:10)
  3 gargoyles
  2 demonic crawlers (Lair:4)
  2 centaur skeletons
  An efreet (D:15)
  3 rime drakes
  6 komodo dragons
  2 tengu conjurers
  The ghost of Swippen the Ruffian, an amateur TrMo (D:5)
  A jumping spider (Lair:4)
  9 trolls
  2 hornets (Lair:6)
  Grinder (D:6)
  Prince Ribbit (D:7)
  4 blink frogs (Lair:5)
  8 hippogriffs
  A centaur simulacrum (D:15)
  A large abomination (Abyss:2)
  A tarantella (Lair:4)
  5 redbacks
  3 shadows
  16 wyverns
  2 humans (D:13)
  6 wraiths
  4 hogs
  14 fire bats (Volcano)
  41 yaks
  Eustachio (D:5)
  2 fire elementals (D:14)
  3 basilisks
  2 steam dragons (Volcano)
  A hungry ghost (D:8)
  2 wargs
  Edmund (D:6)
  2 soldier ants
  Duvessa (D:6)
  17 water moccasins
  4 hell hounds
  8 porcupines
  A slave (D:6)
  A black bear (D:7)
  3 ice beasts
  33 orc warriors
  7 phantoms
  2 sky beasts
  2 hornet zombies
  22 centaurs
  15 ogres
  17 wolves
  7 crocodiles
  21 bullfrogs
  2 big kobolds
  6 scorpions
  Dowan (D:6)
  A hornet simulacrum (D:15)
  7 wights
  3 howler monkeys
  6 crimson imps
  A bullfrog zombie (D:11)
  7 lava snakes (Volcano)
  22 orc priests
  A gnoll shaman (D:3)
  3 hounds
  6 jellies
  2 bullfrog skeletons
  An iron imp (Abyss:2)
  Natasha (D:4)
  8 iguanas
  24 orc wizards
  8 worker ants
  A hound skeleton (D:6)
  A worker ant zombie (D:6)
  13 adders
  8 gnolls
  5 shadow imps
  7 oozes
  4 adder skeletons
  A worm (D:2)
  A dart slug (D:1)
  4 leopard geckos
  90 orcs
  2 giant cockroaches
  6 hobgoblins
  25 jackals
  18 kobolds
  2 quokkas
  A ball python (D:3)
  2 bats
  4 frilled lizards
  16 goblins
  8 rats
  2 fungi
  A plant (D:9)
760 creatures vanquished.

Vanquished Creatures (others)
  An orc warlord (Orc:1)
  A hydra (D:10)
  An orc sorcerer (Orc:1)
  An orc warrior (Orc:1)
  A bullfrog (D:6)
  A worker ant (D:6)
  3 bushes
  13 fungi
  27 plants
49 creatures vanquished.

Grand Total: 809 creatures vanquished

Notes
Turn   | Place    | Note
-------+----------+-------------------------------------------
     0 | Abyss:1  | wazuzu the Formicid Abyssal Knight began the quest for the Orb.
     0 | Abyss:1  | Reached XP level 1. HP: 18/18 MP: 2/2
    49 | Abyss:1  | Noticed a frost giant skeleton
    52 | Abyss:1  | Found a corrupted altar of Lugonu.
    56 | Abyss:1  | Noticed a large abomination
   126 | Abyss:2  | Noticed an iron imp
   130 | Abyss:2  | Killed an iron imp
   130 | Abyss:2  | Reached skill level 1 in Dodging
   130 | Abyss:2  | Reached XP level 2. HP: 24/24 MP: 3/3
   130 | Abyss:2  | Reached XP level 3. HP: 29/29 MP: 4/4
   137 | Abyss:2  | Noticed an angel
   168 | Abyss:3  | Noticed a large abomination
   176 | Abyss:3  | Noticed a fire giant skeleton
   181 | Abyss:3  | Noticed a large abomination
   184 | D:1      | Escaped the Abyss
   230 | D:1      | Found a shattered altar of Ashenzari.
   385 | D:1      | Reached * piety under Lugonu
   584 | D:1      | Reached skill level 3 in Axes
   584 | D:1      | Reached XP level 4. HP: 28/36 MP: 5/5
   993 | D:2      | HP: 1/36 [poisoned by an adder]
  1597 | D:2      | Reached skill level 4 in Axes
  1597 | D:2      | Reached XP level 5. HP: 28/41 MP: 6/6
  1924 | D:2      | Reached ** piety under Lugonu
  2266 | D:3      | Found a hide-covered altar of Uskayaw.
  2695 | D:3      | Reached skill level 5 in Axes
  2884 | D:3      | Reached XP level 6. HP: 39/47 MP: 7/7
  3751 | D:4      | Noticed an ogre
  3754 | D:4      | Killed an ogre
  3754 | D:4      | Reached skill level 6 in Axes
  3754 | D:4      | Reached XP level 7. HP: 52/52 MP: 8/8
  3856 | D:4      | Reached skill level 7 in Axes
  3975 | D:4      | Noticed Natasha
  3981 | D:4      | Killed Natasha
  4247 | D:5      | Entered Level 5 of the Dungeon
  4313 | D:5      | Noticed Eustachio
  4418 | D:5      | Found a glowing golden altar of the Shining One.
  4450 | D:4      | Reached skill level 8 in Axes
  4450 | D:4      | Reached XP level 8. HP: 23/59 MP: 9/9
  4593 | D:5      | Noticed Swippen's ghost (amateur TrMo)
  5006 | D:5      | Reached skill level 9 in Axes
  5249 | D:5      | Killed Eustachio
  5291 | D:5      | Killed Swippen's ghost
  5291 | D:5      | Reached skill level 10 in Axes
  5291 | D:5      | Reached XP level 9. HP: 59/64 MP: 10/10
  5506 | D:5      | Got a jewelled chain mail
  5507 | D:5      | Identified the +9 chain mail of Terror {MR+ Int+6} (You found it on level 5 of the Dungeon)
  5537 | D:6      | Noticed Grinder
  5553 | D:6      | Killed Grinder
  5553 | D:6      | Reached skill level 11 in Axes
  5593 | D:6      | Noticed Pikel
  5603 | D:6      | Reached *** piety under Lugonu
  5619 | D:6      | Killed Pikel
  5626 | D:6      | Noticed Dowan
  5628 | D:6      | Noticed Duvessa
  5635 | D:6      | Killed Duvessa
  5636 | D:6      | Killed Dowan
  5636 | D:6      | Reached skill level 12 in Axes
  5680 | D:6      | Got an ichor-stained hand axe
  5681 | D:6      | Identified the cursed +1 hand axe of Ixtauppu {flame, Dex+5} (You found it on level 6 of the Dungeon)
  5721 | D:6      | Noticed Edmund
  5745 | D:6      | Killed Edmund
  5860 | D:6      | Reached XP level 10. HP: 68/71 MP: 11/11
  5929 | D:6      | Found a radiant altar of Vehumet.
  6058 | D:7      | Found a staircase to the Ecumenical Temple.
  6219 | D:7      | Noticed Prince Ribbit
  6221 | D:7      | Identified a scroll of acquirement
  6233 | D:7      | Killed Prince Ribbit
  6658 | D:8      | Reached skill level 5 in Fighting
  6722 | D:8      | Found a stormy altar of Qazlal.
  6734 | D:8      | Reached **** piety under Lugonu
  6818 | D:8      | Noticed a two-headed ogre
  6824 | D:8      | Killed a two-headed ogre
  6824 | D:8      | Reached skill level 5 in Armour
  6824 | D:8      | Reached skill level 13 in Axes
  7795 | D:9      | Found a staircase to the Lair.
  7807 | D:9      | Reached XP level 11. HP: 69/83 MP: 13/13
  7837 | D:9      | Reached ***** piety under Lugonu
  8641 | D:10     | Entered Level 10 of the Dungeon
  8929 | D:10     | Noticed Psyche
  8944 | D:10     | Killed Psyche
  8944 | D:10     | Reached skill level 5 in Invocations
  9015 | D:10     | Noticed a two-headed ogre
  9016 | D:10     | Noticed a two-headed ogre
  9048 | D:9      | Killed a two-headed ogre
  9152 | D:10     | Noticed a six-headed hydra
  9179 | D:10     | Banished a six-headed hydra
  9386 | D:10     | Noticed Josephine
  9438 | D:10     | Noticed Joseph
  9473 | D:10     | Killed Joseph
  9520 | D:10     | Noticed a two-headed ogre
  9534 | D:10     | Killed a two-headed ogre
  9534 | D:10     | Reached XP level 12. HP: 78/92 MP: 15/17
  9555 | D:10     | Killed Josephine
  9555 | D:10     | Reached skill level 14 in Axes
  9568 | D:10     | Noticed a two-headed ogre
  9581 | D:10     | Killed a two-headed ogre
 10018 | D:10     | Killed a two-headed ogre
 10201 | D:11     | Noticed a two-headed ogre
 10212 | D:11     | Killed a two-headed ogre
 10360 | D:11     | Found a staircase to the Orcish Mines.
 10415 | D:11     | Noticed an unseen horror
 10421 | D:11     | Killed an unseen horror
 10421 | D:11     | Reached skill level 15 in Axes
 10618 | D:11     | Noticed a two-headed ogre
 10626 | D:11     | Killed a two-headed ogre
 11055 | Lair:1   | Entered Level 1 of the Lair of Beasts
 11389 | Lair:1   | Found the +8 whip "Snakebite" {curare, rPois}
 11808 | Lair:1   | Noticed Gastronok
 11829 | Lair:1   | Killed Gastronok
 11829 | Lair:1   | Reached skill level 16 in Axes
 11955 | Lair:1   | Reached XP level 13. HP: 88/98 MP: 19/19
 13176 | Lair:3   | Noticed a five-headed hydra
 13185 | Lair:3   | Killed a five-headed hydra
 13325 | Lair:3   | Found a staircase to the Shoals.
 13774 | Lair:4   | Noticed a catoblepas
 13819 | Lair:4   | Found a hole to the Spider Nest.
 14013 | Lair:4   | Killed a catoblepas
 14117 | Lair:4   | Got a faintly glowing jade amulet
 14164 | Lair:4   | Identified the amulet "Watoang" {Inacc rF- rN++} (You found it on level 4 of the Lair of Beasts)
 14309 | Lair:4   | You fall through a shaft for 2 floors!
 14309 | Lair:6   | Entered Level 6 of the Lair of Beasts
 14433 | Lair:6   | Noticed a catoblepas
 14442 | Lair:6   | Killed a catoblepas
 14512 | Lair:5   | Found a staircase to the Slime Pits.
 14520 | Lair:5   | Reached skill level 10 in Invocations
 14616 | Lair:5   | Found a dark tunnel.
 14621 | Volcano  | Entered a volcano
 14667 | Volcano  | Reached ****** piety under Lugonu
 14667 | Volcano  | Reached skill level 5 in Dodging
 14739 | Volcano  | Reached XP level 14. HP: 70/109 MP: 14/21
 14955 | Volcano  | Found a radiant altar of Vehumet.
 14965 | Volcano  | Reached skill level 10 in Fighting
 16463 | Lair:6   | Noticed Kirke
 16547 | Lair:6   | Reached skill level 17 in Axes
 16584 | Lair:6   | Killed Kirke
 16912 | Lair:6   | Learned a level 1 spell: Apportation
 17959 | Lair:6   | Reached XP level 15. HP: 118/119 MP: 24/24
 19894 | D:12     | Reached skill level 1 in Slings
 19931 | D:12     | Learned a level 5 spell: Silence
 20482 | D:12     | Found Badan's Armour Shoppe.
 20486 | D:12     | Bought a +1 shield of cold resistance for 231 gold pieces
 20704 | Orc:1    | Entered Level 1 of the Orcish Mines
 20704 | Orc:1    | Found Rijynaiz's Armour Boutique.
 20871 | Orc:1    | Noticed an orc warlord
 21794 | D:12     | Reached skill level 5 in Slings
 22030 | D:13     | Found a gate to the Vaults.
 22167 | D:13     | Reached skill level 18 in Axes
 22321 | D:13     | Identified Jupaerpha's Almanac of Plaster Cramp
 22333 | D:13     | Identified the Handbook of Combed Thunderclap
 22444 | D:13     | Reached skill level 1 in Shields
 22549 | D:13     | Cast into level 2 of the Abyss (a wizard)
 22652 | Abyss:2  | Noticed a Hell Sentinel
 22654 | D:13     | Escaped the Abyss
 22771 | D:13     | Identified Ts'ui Pên's Tome of Forking Paths
 23363 | D:14     | Noticed Azrael
 23383 | D:14     | Killed Azrael
 23570 | D:14     | Reached skill level 5 in Shields
 23588 | D:14     | Found Hatim's Armour Emporium.
 23622 | D:14     | Found a flickering gateway to a bazaar.
 23632 | Bazaar   | Entered a bazaar
 23632 | Bazaar   | Found Oshriffa's Jewellery Shoppe.
 23632 | Bazaar   | Found Baiclito's General Store.
 23636 | Bazaar   | Found Zeiheo's Distillery.
 23640 | Bazaar   | Bought a cursed amulet of inaccuracy for 26 gold pieces
 23651 | Bazaar   | Found Hiabofy's Gadget Emporium.
 23676 | Bazaar   | Bought 2 potions of degeneration for 34 gold pieces
 23677 | Bazaar   | Bought a potion of mutation for 136 gold pieces
 23687 | Bazaar   | Bought a cursed ring of teleportation for 54 gold pieces
 23740 | D:14     | Found the +9 scales of the Dragon King {rPois rF+ rC+ MR+}
 23868 | D:14     | Found Ziurhiwu's General Store.
 23877 | D:14     | Bought a scroll of identify for 20 gold pieces
 23988 | D:14     | Noticed Nessos
 24060 | D:14     | Killed Nessos
 24060 | D:14     | Reached XP level 16. HP: 99/127 MP: 25/25
 24444 | D:15     | Entered Level 15 of the Dungeon
 24873 | D:15     | Found a staircase to the Depths.
 25713 | Orc:1    | Found a bloodstained altar of Trog.
 25807 | Orc:2    | Entered Level 2 of the Orcish Mines
 26477 | Orc:2    | Found Xegg's Assorted Antiques.
 26477 | Orc:2    | Found Liohip's Magic Scroll Emporium.
 26479 | Orc:2    | Found Salyaff's Antique Weapon Shoppe.
 26481 | Orc:2    | Found Keefrefek's Jewellery Boutique.
 26492 | Orc:2    | Bought a cursed -2 ring of dexterity for 24 gold pieces
 26492 | Orc:2    | Bought a cursed ring of loudness for 54 gold pieces
 26515 | Orc:2    | Found a staircase to the Elven Halls.
 26539 | Orc:2    | Gained mutation: You expend magic power (3 MP) to strengthen your wands. [a neqoxec]
 26544 | Orc:2    | Gained mutation: You are weak. (Str -2) [a neqoxec]
 26546 | Orc:2    | Gained mutation: Scrolls take you a little longer to read. [a neqoxec]
 26565 | Orc:2    | Lost mutation: You expend magic power (3 MP) to strengthen your wands. [potion of mutation]
 26565 | Orc:2    | Lost mutation: Scrolls take you a little longer to read. [potion of mutation]
 26565 | Orc:2    | Lost mutation: You are weak. (Str -2) [potion of mutation]
 26565 | Orc:2    | Gained mutation: You possess an exceptional clarity of mind. [potion of mutation]
 26565 | Orc:2    | Gained mutation: You are agile. (Dex +2) [potion of mutation]
 26705 | Orc:2    | Found a roughly hewn altar of Beogh.
 27281 | Spider:1 | Entered Level 1 of the Spider Nest
 27286 | Spider:1 | Noticed Donald
 27374 | Lair:4   | HP: 1/127 [Donald/double sword of protection (18)]
 27375 | Lair:4   | Mangled by Donald

Skill      XL: |  1  2  3  4  5  6  7  8  9 10 11 12 13 14 15 16 |
---------------+-------------------------------------------------+-----
Dodging        | 1 5 6 |  6.0
Axes           | 3 4 5 6 8 10 12 13 16 17 18 | 18.9
Armour         | 6 8 |  8.0
Fighting       | 6 8 9 11 12 | 12.0
Invocations    | 3 6 8 10 12 | 12.1
Slings         | 6 9 |  9.0
Shields        | 8 9 |  9.0

Action                   |  1- 3 |  4- 6 |  7- 9 | 10-12 | 13-15 | 16-18 || total
-------------------------+-------+-------+-------+-------+-------+-------++-------
Melee: Hand axe          |    59 |    71 |    46 |    33 |       |       ||   209
       War axe           |       |    70 |   247 |   438 |   124 |       ||   879
       Dire flail        |       |       |       |   331 |       |       ||   331
       Whip              |       |       |       |    34 |  1068 |       ||  1102
       Battleaxe         |       |       |       |       |   222 |   430 ||   652
 Fire: Fustibalus        |       |       |       |       |    40 |       ||    40
Invok: Depart the Abyss  |     1 |       |       |       |     1 |       ||     2
       Banish            |       |       |       |     1 |     3 |     5 ||     9
 Abil: Dig               |       |       |       |     1 |     5 |       ||     6
Evoke: Wand              |     2 |     3 |    11 |     9 |     7 |       ||    32
  Use: Scroll            |       |     7 |     3 |     6 |    20 |     1 ||    37
       Potion            |       |     1 |     3 |       |     2 |     5 ||    11
 Stab: Paralysed         |       |       |     7 |     4 |     3 |       ||    14
       Petrified         |       |       |       |       |    12 |       ||    12
       Invisible         |       |       |       |       |       |     2 ||     2
  Eat: Chunk             |       |     9 |     4 |    30 |    14 |    11 ||    68
       Ration            |       |       |     1 |       |     8 |       ||     9
Armor: Leather armour    |    20 |    30 |    70 |       |       |       ||   120
       Chain mail        |       |       |    54 |   526 |   625 |   146 ||  1351
       Gold dragon scale |       |       |       |       |       |    54 ||    54
Dodge: Dodged            |    37 |    83 |   189 |   262 |   435 |   114 ||  1120
Block: Shield            |       |       |       |       |    64 |   269 ||   333
